[Event "January 9 Late 2024"]
[Site "https://www.chess.com"]
[Date "2024.01.09"]
[Round "8"]
[White "Ozen, Metehan"]
[Black "Banerjee, Supratit"]
[Result "1-0"]
[Board "96"]
[TimeControl "180+1"]
[WhiteFideId "34596054"]
[BlackFideId "2410079"]
[WhiteElo "2426"]
[BlackElo "2582"]
[WhiteTeam "TUR"]
[BlackTeam "SCO"]
[WhiteClock "0:00:11"]
[BlackClock "0:00:49"]

1. e4 e6 2. d4 d5 3. Nc3 dxe4 4. Nxe4 Nd7 5. Nf3 Ngf6 6. Bg5 c5 7. Nxf6+ Nxf6 8. Bd3 cxd4 9. Nxd4 Bc5 10. c3 Bxd4 11. cxd4 O-O 12. O-O h6 13. Bh4 Kh8 14. Bc2 g6 15. f4 Kg7 16. Kh1 b6 17. Qf3 Rb8 18. d5 Qxd5 19. Qc3 Qd8 20. f5 exf5 21. Rad1 Qe7 22. Rfe1 Be6 23. Bb3 g5 24. Bg3 f4 25. Bf2 Rbc8 26. Qe5 Rfe8 27. Ba4 Red8 28. Bd4 Rd5 29. Qxd5 Bxd5 30. Rxe7 Ba8 31. Bb3 Kg6 32. Bxf7+ Kg7 33. Be6+ Kf8 34. Bxf6 Rb8 35. Rdd7 Rc8 36. Rf7+ Kg8 37. Rg7+ Kh8 38. Rg8# 1-0

[Event "January 9 Late 2024"]
[Site "https://www.chess.com"]
[Date "2024.01.09"]
[Round "8"]
[White "Ambartsumova, Karina"]
[Black "Buchenau, Frank"]
[Result "0-1"]
[Board "97"]
[TimeControl "180+1"]
[WhiteFideId "4166299"]
[BlackFideId "4604350"]
[WhiteElo "2577"]
[BlackElo "2426"]
[WhiteTeam "RUS"]
[BlackTeam "GER"]
[WhiteClock "0:00:00"]
[BlackClock "0:00:07"]

1. d4 e6 2. c4 Nf6 3. Nc3 Bb4 4. Qc2 c5 5. Nf3 cxd4 6. Nxd4 Nc6 7. Nf3 d5 8. e3 O-O 9. a3 Be7 10. Bd3 dxc4 11. Bxc4 a6 12. O-O b5 13. Bd3 Bb7 14. e4 Rc8 15. e5 Ng4 16. Bxh7+ Kh8 17. Be4 b4 18. axb4 Nxb4 19. Qe2 Qb6 20. Ng5 Nh6 21. Qh5 Bxe4 22. Ncxe4 Nd3 23. Nxf7+ Rxf7 24. Bxh6 Kg8 25. Be3 Qb5 26. Bd4 Qd5 27. Qg4 Nxe5 28. Bxe5 Qxe5 29. Nc3 Rb8 30. Rxa6 Rxb2 31. Ne4 Qf5 32. Ra8+ Bf8 33. Qh4 Qf4 34. Qxf4 Rxf4 35. Ng5 Rf6 36. g3 e5 37. Kg2 Rf5 38. h4 g6 39. Ne4 Rf7 40. Re1 Kg7 0-1

[Event "January 9 Late 2024"]
[Site "https://www.chess.com"]
[Date "2024.01.10"]
[Round "8"]
[White "Krzywda, Andrzej"]
[Black "Kandil, Ahmed"]
[Result "1-0"]
[Board "98"]
[TimeControl "180+1"]
[WhiteFideId "1114565"]
[BlackFideId "10628401"]
[WhiteElo "2417"]
[BlackElo "2572"]
[WhiteTeam "POL"]
[BlackTeam "EGY"]
[WhiteClock "0:02:43"]
[BlackClock "0:02:04"]

1. e4 e5 2. Nf3 Nc6 3. Bb5 a6 4. Ba4 Nf6 5. O-O Nxe4 6. d4 exd4 7. Nxd4 Nxd4 8. Qxd4 Nd6 9. Re1+ Be7 10. Qxg7 Rf8 11. Bh6 1-0

[Event "January 9 Late 2024"]
[Site "https://www.chess.com"]
[Date "2024.01.09"]
[Round "8"]
[White "Meduri, Aakaash"]
[Black "Pham, Le Thao Nguyen"]
[Result "0-1"]
[Board "99"]
[TimeControl "180+1"]
[WhiteFideId "2032252"]
[BlackFideId "12401226"]
[WhiteElo "2414"]
[BlackElo "2571"]
[WhiteTeam "USA"]
[BlackTeam "VIE"]
[WhiteClock "0:00:06"]
[BlackClock "0:00:30"]

1. e4 c6 2. d4 d5 3. Nc3 dxe4 4. f3 exf3 5. Nxf3 Nf6 6. Bc4 Bf5 7. O-O e6 8. Ne5 Bg6 9. Ne2 Nbd7 10. Nxg6 hxg6 11. Nf4 Qc7 12. g3 O-O-O 13. Qe1 Nb6 14. Bb3 Rxd4 15. c3 Re4 16. Qd1 Bc5+ 17. Kg2 Qe5 18. Qf3 g5 19. Nd3 Re2+ 20. Nf2 g4 21. Qf4 Qxf4 22. Bxf4 Ne4 23. Bd1 Rxf2+ 24. Rxf2 Bxf2 25. Bxg4 Nd5 26. Bc1 f5 27. Bf3 Bb6 28. c4 Ndf6 29. Bf4 Bc7 30. Bxc7 Kxc7 31. h3 g5 32. Re1 Rd8 33. Re2 Rd2 34. Rxd2 Nxd2 35. b3 Kd6 36. Be2 Nde4 37. h4 gxh4 38. gxh4 Ke5 39. Kf3 Nc3 40. Bd3 Nxa2 41. Be2 Nc1 42. Ke3 Nxe2 43. Kxe2 f4 44. Kf3 Kf5 45. b4 e5 46. c5 e4+ 47. Ke2 Kg4 48. Kf2 Kxh4 49. Ke2 Kg4 50. Kf2 Nd5 51. Ke2 Nxb4 52. Kf2 Nd5 0-1

[Event "January 9 Late 2024"]
[Site "https://www.chess.com"]
[Date "2024.01.09"]
[Round "8"]
[White "Yagupov, Igor"]
[Black "Harriott, Tyrell"]
[Result "1-0"]
[Board "100"]
[TimeControl "180+1"]
[WhiteFideId "4113632"]
[BlackFideId "2086484"]
[WhiteElo "2569"]
[BlackElo "2373"]
[WhiteTeam "RUS"]
[BlackTeam "USA"]
[WhiteClock "0:00:18"]
[BlackClock "0:00:00"]

1. Nf3 d5 2. d4 e6 3. c4 c6 4. Nc3 f5 5. Bf4 Ne7 6. e3 Ng6 7. c5 Be7 8. Bd3 O-O 9. b4 a6 10. a4 Nd7 11. O-O Nf6 12. b5 Ne4 13. Ne2 Bf6 14. bxc6 bxc6 15. Rb1 Qa5 16. Qc2 Nxf4 17. exf4 Bd7 18. Rb7 Be8 19. Ne5 Bxe5 20. fxe5 Bh5 21. f3 Ng5 22. Qc3 Qxc3 23. Nxc3 f4 24. a5 Bg6 25. Bxg6 hxg6 26. Rfb1 Nf7 27. Re7 Nd8 28. Na4 Rf7 29. Re8+ Rf8 30. Rxf8+ Kxf8 31. Kf2 Ke7 32. g3 g5 33. gxf4 gxf4 34. Rg1 Kf8 35. Rg4 Nf7 36. Rxf4 Rb8 37. Nb6 g5 38. Rg4 Ke7 39. h4 gxh4 40. Rxh4 Rg8 41. f4 Rg7 42. Rh5 Rg6 43. f5 exf5 44. Rxf5 Rh6 45. Nc8+ Ke6 46. Rf4 Rh2+ 47. Kg3 Ra2 48. Rf6+ Kd7 49. Nb6+ Ke7 50. Rxc6 Rxa5 51. Nxd5+ Ke8 52. e6 Nd8 53. Rc8 Ra3+ 54. Kf4 Ra1 55. e7 Rf1+ 56. Kg3 1-0

[Event "January 9 Late 2024"]
[Site "https://www.chess.com"]
[Date "2024.01.09"]
[Round "8"]
[White "Sohier, Julien"]
[Black "Gasparyan, David"]
[Result "1-0"]
[Board "101"]
[TimeControl "180+1"]
[WhiteFideId "645346"]
[BlackFideId "13311980"]
[WhiteElo "2369"]
[BlackElo "2541"]
[WhiteTeam "FRA"]
[BlackTeam "USA"]
[WhiteClock "0:00:43"]
[BlackClock "0:00:01"]

1. e4 d6 2. d4 Nf6 3. Nc3 c6 4. f4 g6 5. Nf3 Bg7 6. Bd3 Qa5 7. O-O O-O 8. e5 Nd5 9. Nxd5 cxd5 10. exd6 e6 11. c3 Qb6 12. Ne5 Qxd6 13. Qe1 Nc6 14. Qh4 Ne7 15. Bd2 f6 16. Ng4 Nf5 17. Qf2 Bd7 18. Rae1 Rae8 19. Ne3 b6 20. Nxf5 gxf5 21. Kh1 Kh8 22. Qh4 Re7 23. g4 e5 24. fxe5 fxe5 25. dxe5 Rxe5 26. Bf4 Rxe1 27. Bxd6 Rfe8 28. Rxe1 Rg8 29. Bxf5 Bc6 30. Be5 d4+ 31. Kg1 dxc3 32. Qxh7# 1-0

[Event "January 9 Late 2024"]
[Site "https://www.chess.com"]
[Date "2024.01.09"]
[Round "8"]
[White "Nita, Lucian"]
[Black "Avramidou, Anastasia"]
[Result "1-0"]
[Board "102"]
[TimeControl "180+1"]
[WhiteFideId "1206923"]
[BlackFideId "4239873"]
[WhiteElo "2336"]
[BlackElo "2526"]
[WhiteTeam "ROU"]
[BlackTeam "GRE"]
[WhiteClock "0:01:07"]
[BlackClock "0:00:06"]

1. e4 g6 2. Nf3 Bg7 3. g3 d6 4. Bg2 Nf6 5. Nc3 O-O 6. O-O c5 7. d3 Nc6 8. Ne2 e5 9. Nd2 Be6 10. f4 Qd7 11. c3 Bg4 12. Nf3 Ne8 13. Qc2 Nc7 14. Be3 b6 15. Rae1 Rae8 16. Ng5 h6 17. Nf3 Kh8 18. Kh1 Nd8 19. Neg1 exf4 20. gxf4 d5 21. Bc1 dxe4 22. dxe4 Nc6 23. h3 Be6 24. Nh4 Bc4 25. Rf2 Qe7 26. Nhf3 Rd8 27. b3 Bd3 28. Qb2 Ba6 29. e5 Bb7 30. Qc2 Ne6 31. Ne2 f5 32. Rff1 Rd7 33. Rg1 Rg8 34. Kh2 Ncd8 35. Bh1 Nf7 36. Rxg6 Kh7 37. Qxf5 Rf8 38. Rxe6+ Kg8 39. Rxe7 Rxe7 40. Qg4 Kh8 41. Nh4 Bc8 42. Ng6+ Kh7 43. Nxf8+ Bxf8 44. Qxc8 1-0

[Event "January 9 Late 2024"]
[Site "https://www.chess.com"]
[Date "2024.01.09"]
[Round "8"]
[White "Dourerassou, Jonathan"]
[Black "Peycheva, Gergana"]
[Result "1-0"]
[Board "103"]
[TimeControl "180+1"]
[WhiteFideId "628050"]
[BlackFideId "2916711"]
[WhiteElo "2787"]
[BlackElo "2443"]
[WhiteTeam "FRA"]
[BlackTeam "BUL"]
[WhiteClock "0:02:22"]
[BlackClock "0:01:17"]

1. e4 c5 2. Nf3 Nc6 3. Bb5 g6 4. O-O Bg7 5. Re1 Nf6 6. e5 Nd5 7. Nc3 Nc7 8. Bxc6 dxc6 9. Ne4 Ne6 10. d3 O-O 11. h3 b6 12. Be3 Nd4 13. Nxd4 cxd4 14. Bf4 Be6 15. Qd2 Re8 16. Bh6 Bh8 17. Qf4 f6 18. exf6 exf6 19. Nd6 Re7 20. Qxd4 f5 21. Qf4 Qd7 22. Bg5 Bxb2 23. Rab1 Bc3 24. Bxe7 Bxe1 25. Rxe1 Qxe7 26. Qe5 1-0

[Event "January 9 Late 2024"]
[Site "https://www.chess.com"]
[Date "2024.01.09"]
[Round "8"]
[White "Sukandar, Irine Kharisma"]
[Black "Bardyk, Artem"]
[Result "0-1"]
[Board "104"]
[TimeControl "180+1"]
[WhiteFideId "7101937"]
[BlackFideId "34349979"]
[WhiteElo "2440"]
[BlackElo "2730"]
[WhiteTeam "INA"]
[BlackTeam "RUS"]
[WhiteClock "0:00:21"]
[BlackClock "0:01:23"]

1. d4 g6 2. Nc3 Bg7 3. e4 d6 4. Bf4 Nc6 5. d5 Ne5 6. Qd2 Nf6 7. Nge2 O-O 8. Nd4 c5 9. dxc6 Nxc6 10. Nxc6 bxc6 11. Bh6 Bxh6 12. Qxh6 Rb8 13. Bc4 Qa5 14. Qd2 Rb4 15. Bd3 Rxb2 16. O-O Ba6 17. Rfd1 Bxd3 18. Qxd3 Rfb8 19. h3 Qe5 20. Re1 Nh5 21. Ne2 R2b4 22. Nc3 Nf4 23. Qf3 Rc4 24. Re3 Rxc3 25. Rxc3 Qxc3 0-1

[Event "January 9 Late 2024"]
[Site "https://www.chess.com"]
[Date "2024.01.09"]
[Round "8"]
[White "Mazurkiewicz, Michal"]
[Black "Arabidze, Meri"]
[Result "0-1"]
[Board "105"]
[TimeControl "180+1"]
[WhiteFideId "1124943"]
[BlackFideId "13604040"]
[WhiteElo "2438"]
[BlackElo "2701"]
[WhiteTeam "POL"]
[BlackTeam "GEO"]
[WhiteClock "0:00:00"]
[BlackClock "0:00:32"]

1. e4 c5 2. Nf3 e6 3. d3 Nc6 4. g3 g6 5. Bg2 Bg7 6. O-O Nge7 7. Re1 O-O 8. e5 b6 9. Nbd2 d5 10. exd6 Qxd6 11. Nc4 Qd8 12. h4 Bb7 13. h5 Nf5 14. c3 Nce7 15. Qe2 Bd5 16. Bf4 b5 17. Nce5 Nc6 18. Ng4 c4 19. h6 Bh8 20. d4 Rc8 21. Nfe5 Bxg2 22. Kxg2 Qd5+ 23. Qe4 Rfd8 24. Qxd5 Rxd5 25. Nxc6 Rxc6 26. Be5 Rd8 27. Nf6+ Bxf6 28. Bxf6 Rd5 29. Rh1 Kf8 30. g4 Nd6 31. f3 Ke8 32. Rhe1 Kd7 33. a4 a6 34. axb5 Rxb5 35. Re2 Ne8 36. Be5 Nc7 37. Ra4 Nd5 38. f4 f6 39. f5 fxe5 40. fxg6 hxg6 41. h7 Rb8 42. Rxe5 Rh8 43. Rg5 Rxh7 44. Rxg6 Nf4+ 0-1

[Event "January 9 Late 2024"]
[Site "https://www.chess.com"]
[Date "2024.01.10"]
[Round "8"]
[White "Heberla, Bartlomiej"]
[Black "Toktomushev, Teimur"]
[Result "1-0"]
[Board "106"]
[TimeControl "180+1"]
[WhiteFideId "1115120"]
[BlackFideId "14176726"]
[WhiteElo "2667"]
[BlackElo "2434"]
[WhiteTeam "POL"]
[BlackTeam "UKR"]
[WhiteClock "0:00:12"]
[BlackClock "0:00:10"]

1. d4 d5 2. c4 e6 3. Nc3 Nf6 4. cxd5 exd5 5. Bg5 Be7 6. e3 c6 7. Bd3 Nbd7 8. h3 Nf8 9. Nf3 Ne6 10. Bh4 g6 11. Bg3 Ng7 12. O-O Bf5 13. Be5 O-O 14. Rb1 a5 15. Re1 Bxd3 16. Qxd3 Nf5 17. a3 a4 18. Qc2 Qa5 19. Nd2 Nd7 20. Bh2 Bd6 21. Bxd6 Nxd6 22. e4 dxe4 23. Ndxe4 Nxe4 24. Rxe4 Rfe8 25. Rbe1 Rxe4 26. Rxe4 Nf6 27. Re7 Qb6 28. Qd2 Rd8 29. Qf4 Qxd4 30. Qxd4 Rxd4 31. Rxb7 Nd5 32. Nxd5 cxd5 33. Rb4 Rd1+ 34. Kh2 Rd2 35. Kg3 Kf8 36. Kf3 Ke7 37. Ke3 Rc2 38. g4 Kd6 39. g5 Kc5 40. Rf4 Rxb2 41. Rxf7 Rb3+ 42. Kf4 Rxh3 43. Ke5 Rxa3 44. Rc7+ Kb4 45. Rxh7 Rf3 46. Rb7+ Ka3 47. Rb6 Rxf2 48. Rxg6 Rd2 49. Rb6 Ka2 50. g6 a3 51. Kf5 Rf2+ 52. Ke6 d4 53. g7 Rg2 54. Kf7 d3 55. Rg6 Rxg6 56. Kxg6 d2 57. g8=Q+ Kb1 58. Qb3+ Kc1 59. Qxa3+ Kb1 60. Qb3+ Kc1 61. Qc3+ Kd1 62. Kf5 Ke1 63. Qe5+ Kd1 64. Ke4 Kc1 65. Qc3+ Kd1 66. Ke3 Ke1 67. Qxd2+ Kf1 68. Qf2# 1-0

[Event "January 9 Late 2024"]
[Site "https://www.chess.com"]
[Date "2024.01.09"]
[Round "8"]
[White "Rosen, Eric"]
[Black "Alvarado, Carlos"]
[Result "1-0"]
[Board "107"]
[TimeControl "180+1"]
[WhiteFideId "2032562"]
[BlackFideId "3800555"]
[WhiteElo "2645"]
[BlackElo "2417"]
[WhiteTeam "USA"]
[BlackTeam "PER"]
[WhiteClock "0:00:06"]
[BlackClock "0:00:00"]

1. e4 c6 2. d4 d5 3. Nc3 dxe4 4. Nxe4 Nf6 5. Nxf6+ exf6 6. Be3 Bd6 7. Bd3 Na6 8. a3 Nc7 9. c4 O-O 10. Ne2 Re8 11. O-O Ne6 12. Qd2 Qc7 13. f4 c5 14. d5 Nf8 15. Rae1 f5 16. Ng3 g6 17. Qf2 b6 18. Bd2 Bd7 19. Bc3 Rxe1 20. Qxe1 Re8 21. Qf2 a6 22. b3 Qd8 23. Ba1 Qh4 24. Kh1 Be7 25. b4 h5 26. Be5 Nh7 27. d6 Bf6 28. bxc5 bxc5 29. Qxc5 Be6 30. Qd4 Bd8 31. c5 f6 32. c6 fxe5 33. Qxe5 Bf6 34. d7 Rf8 35. Qxe6+ Kg7 36. c7 Qg4 37. c8=Q h4 38. Nxf5+ gxf5 39. Bxf5 Qh5 40. Qc2 1-0

[Event "January 9 Late 2024"]
[Site "https://www.chess.com"]
[Date "2024.01.09"]
[Round "8"]
[White "Gubajdullin, Alexei"]
[Black "Stachanczyk, Jacek"]
[Result "1-0"]
[Board "108"]
[TimeControl "180+1"]
[WhiteFideId "4141202"]
[BlackFideId "1116657"]
[WhiteElo "2617"]
[BlackElo "2402"]
[WhiteTeam "RUS"]
[BlackTeam "POL"]
[WhiteClock "0:01:49"]
[BlackClock "0:01:06"]

1. d4 d5 2. Nf3 Nf6 3. Bf4 c5 4. e3 Nc6 5. Nbd2 cxd4 6. exd4 Bf5 7. c3 e6 8. Qb3 Qc8 9. Ne5 Be7 10. Bd3 Nxe5 11. Bxf5 Nc4 12. Bd3 Nxd2 13. Bxd2 O-O 14. O-O Bd6 15. g3 Nd7 16. Rfe1 Nb6 17. Qc2 g6 18. Bh6 Re8 19. Rad1 Nc4 20. Qe2 Bf8 21. Bc1 Qc6 22. b3 Nd6 23. c4 dxc4 24. bxc4 b6 25. Bf4 Rac8 26. Rc1 Red8 27. c5 bxc5 28. dxc5 Nf5 29. Be4 Qa4 30. c6 Nd4 31. Qc4 Qxc4 32. Rxc4 f6 33. c7 Rd7 34. Bb7 Re8 35. c8=Q Rxc8 36. Bxc8 Nf3+ 37. Kf1 Nxe1 38. Bxd7 e5 39. Be6+ 1-0

[Event "January 9 Late 2024"]
[Site "https://www.chess.com"]
[Date "2024.01.09"]
[Round "8"]
[White "Figorito, Nick"]
[Black "Yang, Kevin"]
[Result "0-1"]
[Board "109"]
[TimeControl "180+1"]
[WhiteFideId "30923689"]
[BlackFideId "30908485"]
[WhiteElo "2406"]
[BlackElo "2600"]
[WhiteTeam "USA"]
[BlackTeam "USA"]
[WhiteClock "0:00:04"]
[BlackClock "0:00:09"]

1. Nf3 Nf6 2. g3 b5 3. Bg2 Bb7 4. O-O a6 5. d4 e6 6. a4 b4 7. c4 a5 8. d5 exd5 9. Nh4 g6 10. cxd5 Bg7 11. Bf4 d6 12. e4 O-O 13. Nd2 Nh5 14. Be3 Bxb2 15. Rb1 Bf6 16. Nf5 Ba6 17. Re1 Bc3 18. g4 Nf6 19. Nd4 Nfd7 20. N2f3 Nc5 21. Bh6 Re8 22. Qc2 Bd3 23. Qa2 Rxe4 24. Rxe4 Bxe4 25. Re1 Qf6 26. Bg5 Qg7 27. Rd1 h6 28. Be3 Nbd7 29. Nc6 b3 30. Qa3 Bb2 31. Bd4 Bxa3 32. Bxg7 Kxg7 33. Nfd4 Bxg2 34. Kxg2 b2 35. Rb1 Re8 36. Nxa5 Nb6 37. Nc2 Ra8 38. Nxa3 Rxa5 39. Rxb2 Rxa4 40. Nb5 Rxg4+ 41. Kf1 Rg5 42. Nxc7 Nxd5 43. Nxd5 Rxd5 44. Rc2 Rd4 45. Kg2 Ne6 46. Ra2 g5 47. Ra7 Kg6 48. Rd7 Nf4+ 49. Kf3 Rd3+ 50. Ke4 d5+ 51. Ke5 f6+ 52. Kd6 Rd2 53. Rd8 d4 54. Rg8+ Kh5 55. Rf8 Rxf2 56. Rxf6 d3 57. Kc5 d2 58. Rd6 Rxh2 59. Kc4 g4 60. Kc3 g3 61. Rxd2 Rxd2 62. Kxd2 g2 0-1

[Event "January 9 Late 2024"]
[Site "https://www.chess.com"]
[Date "2024.01.09"]
[Round "8"]
[White "Bogaudinov, Rushan"]
[Black "Kozin, Yuri"]
[Result "1-0"]
[Board "110"]
[TimeControl "180+1"]
[WhiteFideId "4129288"]
[BlackFideId "4129920"]
[WhiteElo "2397"]
[BlackElo "2599"]
[WhiteTeam "RUS"]
[BlackTeam "RUS"]
[WhiteClock "0:00:09"]
[BlackClock "0:00:12"]

1. d4 d5 2. c4 c6 3. Nc3 Nf6 4. Nf3 dxc4 5. a4 Bf5 6. e3 e6 7. Bxc4 Bb4 8. O-O Nbd7 9. Qb3 Qb6 10. Nh4 Bg6 11. a5 Bxa5 12. Bxe6 O-O 13. Nxg6 hxg6 14. Bxd7 Nxd7 15. Qa4 Bb4 16. Ne4 Rfe8 17. Ng5 Be7 18. Nf3 Nf6 19. Bd2 Ne4 20. Ba5 Qb5 21. Qxb5 cxb5 22. Rfc1 b6 23. Be1 Bd6 24. Rc6 Rec8 25. Rac1 Rxc6 26. Rxc6 Kf8 27. Kf1 Ke7 28. Ke2 Kd7 29. Rc1 a5 30. Kd3 f5 31. Nd2 Nf6 32. h3 g5 33. Nf3 g4 34. hxg4 Nxg4 35. Nd2 Bb4 36. f3 Bxd2 37. Bxd2 Nf6 38. e4 g6 39. Bg5 Nh5 40. g4 Ng7 41. gxf5 gxf5 42. d5 Ne8 43. Kd4 Nd6 44. e5 Nc4 45. b3 Na3 46. e6+ Ke8 47. d6 b4 48. d7+ Kf8 49. d8=Q+ Rxd8+ 50. Bxd8 Nb5+ 51. Ke5 Nc3 52. Rh1 a4 53. Bf6 1-0

[Event "January 9 Late 2024"]
[Site "https://www.chess.com"]
[Date "2024.01.09"]
[Round "8"]
[White "Paragua, Megan Althea"]
[Black "Korchynskyi, Mykola"]
[Result "1-0"]
[Board "111"]
[TimeControl "180+1"]
[WhiteFideId "30973007"]
[BlackFideId "34138005"]
[WhiteElo "2393"]
[BlackElo "2599"]
[WhiteTeam "USA"]
[BlackTeam "UKR"]
[WhiteClock "0:01:01"]
[BlackClock "0:00:47"]

1. d4 d5 2. Nd2 Nf6 3. e3 e6 4. Ngf3 Be7 5. b3 O-O 6. Bb2 b6 7. Be2 Bb7 8. O-O Nbd7 9. c4 c5 10. cxd5 exd5 11. Rc1 Rc8 12. Rc2 Ne4 13. Nxe4 dxe4 14. Nd2 cxd4 15. Bxd4 Bf6 16. Nc4 Bxd4 17. Qxd4 Qe7 18. Rfc1 Nc5 19. Nd6 Rcd8 20. Nf5 Qg5 21. Qe5 Rfe8 22. Qf4 Qxf4 23. exf4 Nd3 24. Bxd3 exd3 25. Rd2 Re2 26. Rcd1 Rxd2 27. Rxd2 Rc8 28. Ne7+ Kf8 29. Nxc8 Bxc8 30. Rxd3 Ke7 31. f3 Kf6 32. Kf2 Be6 33. g4 h5 34. h3 g6 35. Ke3 hxg4 36. hxg4 Ke7 37. Ke4 Kf6 38. Rc3 a5 39. Rc6 b5 40. f5 gxf5+ 41. gxf5 Kg5 42. fxe6 Kh4 43. exf7 Kg3 44. f8=Q Kf2 45. Qc5+ Ke1 46. Qg1+ Kd2 47. Qe3+ Kd1 48. Rc1# 1-0

[Event "January 9 Late 2024"]
[Site "https://www.chess.com"]
[Date "2024.01.09"]
[Round "8"]
[White "Bjelobrk, Igor"]
[Black "Rees, Ioan"]
[Result "0-1"]
[Board "112"]
[TimeControl "180+1"]
[WhiteFideId "4300726"]
[BlackFideId "1801236"]
[WhiteElo "2598"]
[BlackElo "2390"]
[WhiteTeam "AUS"]
[BlackTeam "WLS"]
[WhiteClock "0:00:07"]
[BlackClock "0:00:08"]

1. d4 d5 2. c4 c6 3. Nf3 Nf6 4. Qc2 e6 5. g3 Nbd7 6. Bg2 Bd6 7. O-O O-O 8. Nc3 Re8 9. Rd1 Qe7 10. e4 dxe4 11. Ng5 h6 12. Ngxe4 Nxe4 13. Nxe4 Nf6 14. Nxd6 Qxd6 15. Bf4 Qe7 16. a3 Rd8 17. b4 Bd7 18. Rab1 Be8 19. a4 Rac8 20. Qc3 a6 21. a5 Nd7 22. Re1 Nf8 23. Rbd1 Ng6 24. Bc1 Qf6 25. Bb2 Rd7 26. Qb3 Qd8 27. h4 Nf8 28. Qc3 f6 29. Bh3 Bf7 30. Qe3 Re7 31. d5 cxd5 32. cxd5 Qe8 33. d6 Rd7 34. Rd2 Rc6 35. Red1 Qd8 36. Qd3 Rcxd6 37. Qxd6 Rxd6 38. Rxd6 Qc7 39. Rd8 Qc2 40. Ba3 Kh7 41. Bf1 Ng6 42. R1d2 Qb1 43. Bb2 h5 44. Kg2 Qe4+ 45. Kh2 e5 46. R8d7 Be6 47. R7d6 Bg4 48. Bc3 Qf3 49. Bg2 Qf5 50. Bxb7 Bf3 51. Bxf3 Qxf3 52. R6d3 Qf5 53. Rd6 e4 54. Bd4 Qg4 55. Rxa6 Nxh4 56. Rb2 Nf3+ 57. Kg2 Nxd4 58. Rd6 Qf3+ 59. Kh2 Nf5 60. Rdd2 h4 61. gxh4 Nxh4 62. a6 Qg2# 0-1

[Event "January 9 Late 2024"]
[Site "https://www.chess.com"]
[Date "2024.01.09"]
[Round "8"]
[White "Estrada Nieto, Julian"]
[Black "Prieto Aranguren, Alain"]
[Result "0-1"]
[Board "113"]
[TimeControl "180+1"]
[WhiteFideId "5101018"]
[BlackFideId "2268906"]
[WhiteElo "2588"]
[BlackElo "2384"]
[WhiteTeam "ESP"]
[BlackTeam "ESP"]
[WhiteClock "0:00:00"]
[BlackClock "0:00:34"]

1. e4 c6 2. d4 d5 3. Nc3 a6 4. Nf3 Bg4 5. h3 Bh5 6. exd5 cxd5 7. Bf4 e6 8. Be2 Nc6 9. O-O Nf6 10. Ne5 Bxe2 11. Nxe2 Nxe5 12. Bxe5 Be7 13. Ng3 O-O 14. c3 Rc8 15. a4 b5 16. axb5 axb5 17. Bxf6 Bxf6 18. Qb3 Qb6 19. Ra2 Qc6 20. Rfa1 Qc4 21. Qd1 b4 22. Ra4 Rb8 23. Ne2 Rfc8 24. Nf4 Qc7 25. Nh5 bxc3 26. Nxf6+ gxf6 27. Qg4+ Kh8 28. bxc3 Rg8 29. Qf3 Rg6 30. Ra7 Rb7 31. Ra8+ Kg7 32. h4 Rb3 33. R8a3 Rxa3 34. Rxa3 Qe7 35. Ra8 Qb7 36. Ra1 Qb2 37. Re1 Qd2 38. Re3 f5 39. Qf4 Qd1+ 40. Kh2 Qg4 41. Qxg4 Rxg4 42. g3 Re4 43. Kg2 Rxe3 44. fxe3 Kg6 45. Kf3 Kh5 46. Kf4 f6 47. Kf3 Kg6 48. Kf4 h5 49. Kf3 Kg7 50. Ke2 Kf7 51. Kd3 Ke7 52. c4 dxc4+ 53. Kxc4 Kd6 54. Kc3 Kd5 55. Kd3 e5 56. dxe5 fxe5 57. Kd2 Kc4 58. Kc2 e4 59. Kd2 Kb3 60. Kd1 Kc3 61. Ke2 Kc2 62. Ke1 Kd3 63. Kf2 Kd2 64. g4 fxg4 65. Kg3 Kxe3 66. Kg2 Ke2 67. Kg3 e3 68. Kf4 Kf2 69. Kg5 e2 70. Kxh5 g3 71. Kg4 g2 72. h5 g1=Q+ 73. Kf5 e1=Q 74. h6 Qa5+ 75. Kf6 Qgg5+ 76. Kf7 Qad5+ 77. Ke8 Qge5+ 0-1

[Event "January 9 Late 2024"]
[Site "https://www.chess.com"]
[Date "2024.01.09"]
[Round "8"]
[White "Erzhanov, Arman"]
[Black "Hoffmann, Asa"]
[Result "1-0"]
[Board "114"]
[TimeControl "180+1"]
[WhiteFideId "4138821"]
[BlackFideId "2001470"]
[WhiteElo "2544"]
[BlackElo "2377"]
[WhiteTeam "KAZ"]
[BlackTeam "USA"]
[WhiteClock "0:00:26"]
[BlackClock "0:01:00"]

1. e4 d6 2. d4 Nf6 3. Nc3 c6 4. a4 Qa5 5. Bd3 e5 6. Ne2 Be7 7. O-O O-O 8. h3 Nbd7 9. Bd2 Qc7 10. f4 a5 11. Kh1 Nh5 12. Qe1 Nxf4 13. Nxf4 exf4 14. Bxf4 Qb6 15. Ne2 Nf6 16. e5 Nd5 17. exd6 Bf6 18. Be5 Re8 19. Qg3 Bxe5 20. dxe5 Qxb2 21. Rae1 Be6 22. Rb1 Qa3 23. Bxh7+ Kxh7 24. Qxa3 Nb4 25. Rxb4 axb4 26. Qxb4 Bd5 27. Qf4 Rad8 28. Nc3 Be6 29. Ne4 Kg8 30. Nc5 Bd5 31. Nxb7 Rb8 32. d7 Re6 33. d8=Q+ 1-0

[Event "January 9 Late 2024"]
[Site "https://www.chess.com"]
[Date "2024.01.09"]
[Round "8"]
[White "Maltsevskaya, Aleksandra"]
[Black "Gerbelli Neto, Eduardo"]
[Result "1-0"]
[Board "115"]
[TimeControl "180+1"]
[WhiteFideId "24174041"]
[BlackFideId "2103281"]
[WhiteElo "2543"]
[BlackElo "2370"]
[WhiteTeam "POL"]
[BlackTeam "BRA"]
[WhiteClock "0:01:18"]
[BlackClock "0:00:02"]

1. Nf3 Nf6 2. g3 c5 3. Bg2 Nc6 4. d3 d5 5. O-O e6 6. Nbd2 b5 7. e4 Be7 8. exd5 exd5 9. a4 b4 10. Nb3 O-O 11. a5 h6 12. Be3 c4 13. dxc4 dxc4 14. Nfd4 Nxd4 15. Nxd4 Bg4 16. Qe1 Rc8 17. h3 Bc5 18. Nc6 Rxc6 19. Bxc6 Bxe3 20. Qxe3 Bxh3 21. Rfd1 Qc7 22. Bg2 Bf5 23. Rd4 Bxc2 24. Rc1 b3 25. Bf1 c3 26. Rc4 Qxc4 27. Bxc4 cxb2 28. Rf1 Rd8 29. Bxb3 b1=Q 30. Rxb1 Bxb1 31. Bxf7+ Kxf7 32. Qb3+ Kf8 33. Qxb1 Rd7 34. Qb4+ Kf7 35. Kg2 Kg6 36. f3 Rd5 37. Qb1+ Kg5 38. a6 Rd7 39. f4+ Kh5 40. Qf5+ 1-0

[Event "January 9 Late 2024"]
[Site "https://www.chess.com"]
[Date "2024.01.09"]
[Round "8"]
[White "Filipovic, Slobodan J"]
[Black "Hajiyev, Kanan"]
[Result "0-1"]
[Board "116"]
[TimeControl "180+1"]
[WhiteFideId "939633"]
[BlackFideId "13404148"]
[WhiteElo "2360"]
[BlackElo "2541"]
[WhiteTeam "SRB"]
[BlackTeam "AZE"]
[WhiteClock "0:00:23"]
[BlackClock "0:00:23"]

1. c4 c6 2. Nc3 d5 3. e3 Nf6 4. Nf3 g6 5. d4 Bg7 6. h3 O-O 7. Bd3 c5 8. dxc5 dxc4 9. Bxc4 Qa5 10. Qb3 Qxc5 11. e4 Nc6 12. Be3 Qb4 13. Ng5 Qxb3 14. Bxb3 h6 15. Nf3 Na5 16. e5 Nxb3 17. exf6 Nxa1 18. fxg7 Rd8 19. Bxh6 Nc2+ 20. Ke2 Bf5 21. Nh4 Bd3+ 22. Kf3 f6 23. Rd1 g5 24. Rxd3 Rxd3+ 25. Ke2 Rd7 26. Nf5 Kh7 27. f4 e6 28. Ne4 Nd4+ 29. Nxd4 Rxd4 30. Nxf6+ Kxh6 31. fxg5+ Kxg7 32. Ke3 e5 33. Ng4 Rxg4 34. hxg4 Kg6 35. Ke4 Re8 36. g3 Kxg5 37. b4 b5 38. a4 bxa4 39. b5 a3 40. b6 axb6 41. Kd5 a2 42. Kc6 a1=Q 43. Kd7 Qa8 44. Kd6 e4 45. Kc7 Re6 46. Kd7 Qc6+ 0-1

[Event "January 9 Late 2024"]
[Site "https://www.chess.com"]
[Date "2024.01.09"]
[Round "8"]
[White "Coca Cubillos, Jesus Alberto"]
[Black "Lemos, Dawton Almino"]
[Result "0-1"]
[Board "117"]
[TimeControl "180+1"]
[WhiteFideId "4462912"]
[BlackFideId "2146797"]
[WhiteElo "2524"]
[BlackElo "2343"]
[WhiteTeam "COL"]
[BlackTeam "BRA"]
[WhiteClock "0:01:45"]
[BlackClock "0:00:07"]

1. f4 d5 2. Nf3 Nf6 3. e3 g6 4. d4 Bg7 5. c3 O-O 6. Bd3 c5 7. Nbd2 Nc6 8. O-O b6 9. Ne5 Bb7 10. Qe2 a6 11. g4 Ne4 12. Qg2 f5 13. gxf5 gxf5 14. Kh1 Kh8 15. Ndf3 Nxe5 16. fxe5 e6 17. Bxe4 fxe4 18. Nd2 Rxf1+ 19. Nxf1 Qh4 20. Ng3 a5 21. Bd2 Ba6 22. Rg1 Rg8 23. Be1 Qg4 24. h3 Qg6 25. Kh2 Bh6 26. Bd2 Rf8 27. Nh1 Qxg2+ 28. Rxg2 Rf1 29. Ng3 Rf3 30. Nh5 Bf1 31. Rg1 Rxh3# 0-1